 Dungeon Crawl Stone Soup version 0.23.2-11-gf996548 (webtiles) character file.

Game seed: 17256789219652002612

63 Fang the Skirmisher (level 4, -3/43 HPs)
             Began as a Gargoyle Berserker on June 5, 2019.
             Was a Believer of Trog.
             Slain by an iron imp (8 damage)
             ... summoned by Natasha
             ... on level 2 of the Dungeon.
             The game lasted 00:01:41 (1582 turns).

Fang the Skirmisher (Gargoyle Berserker)            Turns: 1582, Time: 00:01:41

Health: -3/43      AC:  5    Str: 27    XL:     4   Next: 10%
Magic:  4/4        EV: 12    Int:  7    God:    Trog [**....]
Gold:   108        SH:  0    Dex:  9    Spells: 3/3 levels left

rFire    . . .     SeeInvis .   a - +0 hand axe
rCold    . . .     Gourm    .   (no shield)
rNeg     + . .     Faith    .   b - +0 animal skin
rPois    ∞         Spirit   .   (no helmet)
rElec    +         Reflect  .   (no cloak)
rCorr    .         Harm     .   (no gloves)
MR       .....                  (no boots)
Stlth    ..........             (no amulet)
HPRegen  0.14/turn              (no ring)
MPRegen  0.09/turn              (no ring)

@: berserking, very quick
A: negative energy resistance 1, electricity resistance, unbreathing,
petrification resistance, rot immunity, AC +3
a: Berserk, Trog's Hand, Renounce Religion


You were on level 2 of the Dungeon.
You worshipped Trog.
Trog was pleased with you.
You were very hungry.

You visited 1 branch of the dungeon, and saw 2 of its levels.

You collected 108 gold pieces.

Inventory:

Hand Weapons
 a - a +0 hand axe (weapon)
Armour
 b - a +0 animal skin (worn)
Jewellery
 d - an uncursed amulet of the gourmand {unknown}
Scrolls
 e - 3 scrolls of remove curse {unknown}
 f - a scroll of fog {unknown}
 i - 2 scrolls of enchant weapon {unknown}
Potions
 h - 2 potions of flight {unknown}
Comestibles
 c - a ration
 g - 4 chunks of flesh


   Skills:
 + Level 3.8 Fighting
 + Level 3.2 Axes
 + Level 3.0 Armour
 + Level 2.2 Dodging


You had 3 spell levels left.
You didn't know any spells.
Your spell library was empty.

Dungeon Overview and Level Annotations

Branches:
Dungeon (2/15)

Altars:

Annotations:
D:2 Natasha


Innate Abilities, Weirdness & Mutations

You are resistant to torment.
Your stone body is resilient. (AC +3)
You are immune to poison.
You resist negative energy. (rN+)
You are resistant to electric shocks. (rElec)
You can survive without breathing.
You are immune to petrification.
You are immune to rotting.


Message History

You are too injured to fight recklessly!
You are too injured to fight recklessly!
You are too injured to fight recklessly!
You are too injured to fight recklessly!
A red film seems to cover your vision as you go berserk!
You feel yourself moving faster!
You feel mighty!
You are feeling very hungry.
The worm barely misses you. Natasha claws you. The iron imp hits you.
The crimson imp blinks! x2
You miss Natasha. You barely miss the worm. You completely miss the iron imp.
You slash Natasha!
Natasha is almost dead.
You hit the worm. You slash the iron imp! Natasha claws you but does no damage.
The iron imp barely misses you. The worm bites you.
You closely miss Natasha.
Natasha is almost dead.
You hit the worm. You hit the iron imp but do no damage. Natasha claws you!
* * * LOW HITPOINT WARNING * * *
The iron imp hits you!
You die...

#..#.. #..#.# #..#.#
###..#.##### .#
.##........... .# #.#
....#5........ .####.#
......5§.##... ... ...
#gw@..#.#.###.# #.#
......h##.#.#.(...# #.#
......S##.#.##...#####.#
....>..................#
##..#######.##...##.....
#........÷.....###.####
...########.##### #.# ##
#.# #.# #.# #.#


You could see a worm, an iron imp, Natasha, a crimson imp, an adder and a
hobgoblin.

Vanquished Creatures
  2 adders (D:2)
  2 worms (D:2)
  A dart slug (D:1)
  A leopard gecko (D:1)
  6 bats
  2 giant cockroaches (D:1)
  3 goblins
  5 hobgoblins (D:1)
  2 jackals (D:1)
  5 kobolds
  2 ball pythons (D:1)
  A frilled lizard (D:2)
32 creatures vanquished.

Notes
Turn   | Place    | Note
-------+----------+-------------------------------------------
     0 | D:1      | Fang the Gargoyle Berserker began the quest for the Orb.
     0 | D:1      | Reached XP level 1. HP: 14/14 MP: 1/1
   402 | D:1      | Reached XP level 2. HP: 19/19 MP: 2/2
   958 | D:1      | Reached XP level 3. HP: 21/23 MP: 3/3
  1516 | D:2      | Reached ** piety under Trog
  1516 | D:2      | Reached XP level 4. HP: 20/29 MP: 4/4
  1571 | D:2      | Noticed Natasha
  1582 | D:2      | Slain by an iron imp

Skill      XL: |  1  2  3  4 |
---------------+-------------+-----
Axes           | 3 |  3.2
Dodging        | 2 |  2.2
Armour         | 3 |  3.0
Fighting       | |  3.8

Action                   |  1- 3 |  4- 6 || total
-------------------------+-------+-------++-------
Melee: Hand axe          |   109 |    16 ||   125
Invok: Berserk           |     2 |     1 ||     3
  Eat: Chunk             |     3 |     1 ||     4
Armor: Animal skin       |    32 |     3 ||    35
Dodge: Dodged            |    83 |    10 ||    93
